 Dungeon Crawl Stone Soup version 0.14-a0-2839-g31ee8e6 (webtiles) character file.

610 Kae the Soul Tainter (level 6, 0/44 HPs)
             Began as a Demonspawn Death Knight on Feb 26, 2014.
             Was a Priest of Yredelemnul.
             Slain by Grinder (7 damage)
             ... on Level 4 of the Dungeon.
             The game lasted 00:14:42 (4810 turns).

Kae the Soul Tainter (Demonspawn Death Knight)      Turns: 4810, Time: 00:14:42

HP   0/44        AC  5     Str 15      XL: 6   Next: 71%
MP  13/13        EV 10     Int 12      God: Yredelemnul [***...]
Gold 168         SH  0     Dex 13      Spells:  0 memorised,  5 levels left

rFire  . . .     SeeInvis .     a - +2,+1 mace (curse)
rCold  . . .     Clarity  .     b - +0 leather armour
rNeg   . . .     Conserve .     (no shield)
rPois  .         rCorr    .     f - +0 hat {MR+}
rElec  .         rRot     .     (no cloak)
SustAb . .       Spirit   .     (no gloves)
rMut   .         Warding  .     (no boots)
Saprov . . .     Stasis   .     (no amulet)
MR     +....                    (no ring)
                                g - ring of wizardry

@: somewhat resistant to hostile enchantments, very unstealthy
A: horns 1, slimy green scales 1, demonic guardian 1, spiny 1
a: Animate Dead, Recall Undead Slaves, Injury Mirror, Renounce Religion


You were on level 4 of the Dungeon.
You worshipped Yredelemnul.
Yredelemnul was most pleased with you.
You were not hungry.

You visited 1 branch of the dungeon, and saw 4 of its levels.
You also visited: Sewer.

You collected 168 gold pieces.

Inventory:

Hand weapons
 a - a cursed +2,+1 mace (weapon)
Armour
 b - a +0 leather armour (worn)
 f - a +0 hat of magic resistance (worn)
Comestibles
 c - a bread ration
Scrolls
 e - a scroll of remove curse
 h - 2 scrolls of magic mapping
 r - a scroll of fog
 u - a scroll of teleportation
Jewellery
 g - a ring of wizardry (left hand)
 k - a +1 ring of protection {unknown}
 m - an uncursed amulet of inaccuracy {unknown}
 x - a +5 ring of evasion {unknown}
 y - a cursed ring of hunger {unknown}
Potions
 d - 2 potions of might {unknown}
 i - 4 potions of heal wounds
 j - 2 potions of paralysis {unknown}
 p - 3 potions of speed {unknown}
 s - a potion of mutation {unknown}
 t - 2 potions of cure mutation {unknown}
 v - a potion of invisibility
 z - 4 potions of curing {unknown}


   Skills:
 - Level 2.0 Fighting
 * Level 5.4 Maces & Flails
 - Level 0.8 Armour
 - Level 0.8 Dodging
 + Level 6.4 Invocations


You had 5 spell levels left.
You didn't know any spells.

Dungeon Overview and Level Annotations

Branches:
Dungeon (4/16)
 Temple: D:4-7

Altars:
Fedhas
Sif Muna

Annotations:
D:4 Grinder


Innate Abilities, Weirdness & Mutations

You have a pair of small horns on your head.
You are partially covered in slimy green scales (AC +2).
A weak demonic guardian rushes to your aid.
You are partially covered in sharp spines.


Message History

Something hits you but does no damage.
You offer a prayer to Yredelemnul.
Yredelemnul is most pleased with you.
You miss something. Something hits you!
* * * LOW HITPOINT WARNING * * *
You writhe in agony.
* * * LOW HITPOINT WARNING * * *
You offer a prayer to Yredelemnul.
Yredelemnul is most pleased with you.
You hit something but do no damage. You headbutt something. Something hits you.
* * * LOW HITPOINT WARNING * * *
You offer a prayer to Yredelemnul.
Yredelemnul is most pleased with you.
You closely miss something.
Something tries to affect you, but you resist.
You offer a prayer to Yredelemnul.
Yredelemnul is most pleased with you.
You closely miss something. Something hits you!
You die...
Your body rises from the dead as a mindless zombie.

............##......#
.........#####.####.#
.........#####.# #.#
.........##.##.####.#####
...#.....##.##..........#
,..#.....##.##.#z##.#####
,,,,.....*#.##.#.##.#
****.....##....#.##.# *
,..........l.#@##.#
*,,,......#.##<#.##.#****
* ,,,... ,#.####.....,, *
,,,,,.,,, #.# #..###****
,, ,,,,,,,#.# #..# ,,,
,,,,,,#.# #..# ,,**,,,,,
#.# #..# ,,,,,,,,,,..#
#..# ,,,,,,,,,>..# #..*


You could see a friendly orc zombie.

Vanquished Creatures
  An ice beast (D:3)
  An ogre (D:3)
  A killer bee (D:3)
  An orc priest (D:4)
  A hound (D:4)
  An orc wizard (D:4)
  6 adders
  3 green rats (Sewer)
  A giant mite (D:4)
  3 giant geckos (D:4)
  7 orcs
  6 bats
  4 giant cockroaches
  9 goblins
  11 hobgoblins
  12 jackals
  2 quokkas
  4 ball pythons
  5 giant newts
  4 kobolds
  An orc skeleton (D:4)
  12 rats
96 creatures vanquished.

Vanquished Creatures (collateral kills)
  A worker ant (D:4)
  A giant mite (D:4)
  A goblin (D:1)
  A hobgoblin (D:1)
  A giant newt (Sewer)
5 creatures vanquished.

Vanquished Creatures (others)
  A crimson imp (D:3)
  A quasit (D:3)
  4 iron imps
  A white imp (D:3)
  An ufetubus (D:3)
  A ball python zombie (Sewer)
  A giant gecko zombie (D:4)
  A goblin zombie (D:3)
  A hobgoblin zombie (D:1)
  An orc zombie (D:3)
  A rat zombie (D:3)
14 creatures vanquished.

Grand Total: 115 creatures vanquished

Notes
Turn   | Place    | Note
--------------------------------------------------------------
     0 | D:1      | Kae, the Demonspawn Death Knight, began the quest for the Orb.
     0 | D:1      | Reached XP level 1. HP: 16/16 MP: 2/2
   400 | D:1      | Gained mutation: You are partially covered in sharp spines. [demonic ancestry]
   400 | D:1      | Reached XP level 2. HP: 13/22 MP: 4/4
   528 | D:1      | Reached skill level 4 in Invocations
   870 | D:1      | Gained mutation: A weak demonic guardian rushes to your aid. [demonic ancestry]
   870 | D:1      | Reached XP level 3. HP: 25/27 MP: 5/5
  1412 | D:2      | Acquired Yredelemnul's second power
  1542 | D:2      | Found a deep blue altar of Sif Muna.
  1888 | D:3      | Noticed an ogre
  1909 | D:3      | Killed an ogre
  1909 | D:3      | Gained mutation: You are partially covered in slimy green scales (AC +2). [demonic ancestry]
  1909 | D:3      | Reached XP level 4. HP: 15/33 MP: 8/8
  2155 | D:3      | Noticed an ice beast
  2171 | D:3      | Reached skill level 5 in Invocations
  2171 | D:3      | Reached XP level 5. HP: 23/38 MP: 9/9
  2177 | D:3      | Killed an ice beast
  2498 | D:3      | Found a blossoming altar of Fedhas.
  3298 | D:4      | Gained mutation: You have a pair of small horns on your head. [demonic ancestry]
  3298 | D:4      | Reached XP level 6. HP: 40/44 MP: 12/12
  3445 | D:4      | Reached skill level 6 in Invocations
  3448 | D:4      | Reached skill level 5 in Maces & Flails
  3465 | D:4      | Found a glowing drain.
  3475 | Sewer    | Entered a sewer
  4266 | D:4      | Acquired Yredelemnul's third power
  4797 | D:4      | Noticed Grinder
  4810 | D:4      | Slain by Grinder

Action                   |  1- 3 |  4- 6 || total
-------------------------+-------+-------++-------
Melee: Mace              |    96 |   198 ||   294
Invok: Animate Remains   |     6 |     6 ||    12
       Injury Mirror     |       |     1 ||     1
       Animate Dead      |       |     2 ||     2
  Use: Potion            |       |     1 ||     1
       Scroll            |       |    14 ||    14
 Stab: Sleeping          |     1 |       ||     1
       Distracted        |       |     1 ||     1
